AoeStats
← Sir_Malmsteen

Four Lakes

509738231Analyzed
1v1 RM · 3d ago on Sep 27, 2026· 53m 20s· 2 players
Game mode
Random Map
Map size
Tiny (2 player)
Population
200
Speed
Normal
Resources
Standard
Victory
Conquest
Starting age
Dark Age
Ending age
Imperial Age
RankedLock teamsTeams togetherTeam positionsShared explorationLock speedFull tech treeHidden civsTurbo modeCheats
Victory
Defeat
🇲🇽 Ethiopians · Mexico
1191
+18
🇦🇷 Persians · Argentina
1232
-18
JR | azero
10:02 Loom
12:01 Feudal Age
12:57 Double-Bit Axe
16:50 Castle Age
16:12 Padded Archer Armor
16:55 Crossbowman
17:29 Town Watch
19:06 Fletching
20:49 Horse Collar
23:43 Bow Saw
26:14 Scale Mail Armor
27:12 Bodkin Arrow
33:57 Thumb Ring
34:06 Forging
34:12 Leather Archer Armor
36:26 Chain Mail Armor
43:25 Iron Casting
43:28 Wheelbarrow
44:48 Ballistics
44:39 Masonry
48:04 Imperial Age
45:36 Gold Mining
48:03 Royal Heirs
48:24 Capped Ram
49:45 Conscription
50:52 Two-Man Saw
Sir_Malmsteen
3:42 Loom
12:14 Feudal Age
13:12 Double-Bit Axe
14:30 Fishing Lines
15:56 Wheelbarrow
20:24 Castle Age
18:33 Gold Mining
19:51 Forging
21:00 Demolition Ship
24:41 Gillnets
28:37 Bloodlines
28:52 Scale Barding Armor
29:08 Bow Saw
30:57 Iron Casting
33:07 Hand Cart
34:01 Chain Barding Armor
35:07 Town Watch
35:52 Fletching
36:57 Town Patrol
37:56 Stone Mining
40:44 Medium Warships
45:58 Imperial Age
45:15 Horse Collar
46:14 Gold Shaft Mining
45:11 Light Cavalry
Connection lost

Rejoining the realm…

Still unreachable

The connection could not be restored.

Session expired

The server has moved on; the page needs a fresh start.